centaur 7

Match 42571533
End
Panzergrenadier Squad
Selects Panzerjäger Kommand Battlegroup
Panzergrenadier Squad
Selects Mine Fields
Panzergrenadier Squad
Selects Tank Busters
Construct Light Support Kompanie
Fire Support Elements
Panzerjäger Mechanized Group
2.5-tonne Medical Truck
Vehicle Survival Package
Construct Mechanized Kompanie
Selects Defensive Positions
Marder III Tank Destroyer
Marder III Tank Destroyer
Panzergrenadier Squad
Construct Panzerarmee Kommand
Emergency Repair Kits
Selects Butterfly Bomb Drop
Selects Crew Shock Tactics
Marder III Tank Destroyer
Butterfly Bomb Drop
Panzer III L Medium Tank
Panzerjäger Squad
Panzerjäger Squad
18-tonne Recovery Half-track
Rapid Advance
Selects Anti-tank Overwatch
EX-K1
Kawling
枷锁77
Microsoft Word
qinfuyin
pju5969
灬柒霜傲雪乄
Addictus Caesar
0
0

Comments sign in to comment!

No comments posted yet!